 Dungeon Crawl Stone Soup version 0.24.0-13-gcf9b3192b9 (webtiles) character file.

Game seed: 7916513210704594702, levelgen mode: deterministic

22 inmateoo the Vexing (level 2, 0/23 HPs)
             Began as a Gnoll Arcane Marksman on Nov 8, 2019.
             Slain by an adder (4 damage)
             ... on level 2 of the Dungeon.
             The game lasted 00:01:56 (690 turns).

inmateoo the Vexing (Gnoll Arcane Marksman)          Turns: 690, Time: 00:01:56

Health: 0/23       AC:  4    Str: 12    XL:     2   Next: 91%
Magic:  5/5        EV: 13    Int: 15    God:
Gold:   53         SH:  0    Dex: 15    Spells: 3/6 levels left

rFire    + . .     SeeInvis .   c - +0 hand axe
rCold    + . .     Gourm    .   (no shield)
rNeg     + . .     Faith    .   k - +2 robe {rC+ rF+}
rPois    .         Spirit   .   (no helmet)
rElec    .         Reflect  .   (no cloak)
rCorr    .         Harm     .   (no gloves)
MR       .....                  (no boots)
Stlth    +.........             (no amulet)
HPRegen  0.07/turn              l - ring of positive energy
MPRegen  0.09/turn              (no ring)

@: lethally poisoned (0 -> -4), flying, heavily drained
A: distributed training, fangs 1, strong nose
a: no special abilities


You were on level 2 of the Dungeon.
You were not hungry.

You visited 1 branch of the dungeon, and saw 2 of its levels.

You collected 53 gold pieces.

Inventory:

Hand Weapons
 a - a +0 hand crossbow
 c - a +0 hand axe (weapon)
Missiles
 b - 8 stones (quivered)
 d - 19 bolts
 h - 16 sling bullets
Armour
 k - a +2 robe of resistance (worn)
Jewellery
 l - a ring of positive energy (left hand)
Scrolls
 e - a scroll of fog {unknown}
Comestibles
 f - 3 rations


   Skills:
 + Level 2.5(0.9) Fighting
 + Level 0.5(0.0) Short Blades
 + Level 0.5(0.0) Long Blades
 + Level 0.5(0.0) Axes
 + Level 0.5(0.0) Maces & Flails
 + Level 0.5(0.0) Polearms
 + Level 0.5(0.0) Staves
 + Level 0.5(0.0) Slings
 + Level 0.5(0.0) Bows
 + Level 4.5(2.8) Crossbows
 + Level 0.5(0.0) Throwing
 + Level 0.5(0.0) Armour
 + Level 4.5(2.8) Dodging
 + Level 0.5(0.0) Stealth
 + Level 0.5(0.0) Shields
 + Level 0.5(0.0) Unarmed Combat
 + Level 2.7(1.1) Spellcasting
 + Level 0.4(0.0) Conjurations
 + Level 5.4(3.6) Hexes
 + Level 0.4(0.0) Charms
 + Level 0.4(0.0) Summonings
 + Level 0.4(0.0) Necromancy
 + Level 0.4(0.0) Translocations
 + Level 0.4(0.0) Transmutations
 + Level 0.4(0.0) Fire Magic
 + Level 0.4(0.0) Ice Magic
 + Level 0.4(0.0) Air Magic
 + Level 0.4(0.0) Earth Magic
 + Level 0.4(0.0) Poison Magic
 + Level 0.7(0.0) Invocations
 + Level 0.5(0.0) Evocations


You had 3 spell levels left.
You knew the following spells:

 Your Spells              Type           Power        Failure   Level  Hunger
a - Corona                Hex            ##.....      5%          1    ##.....
b - Slow                  Hex            ##......     9%          2    ###....

Your spell library contained the following spells:

 Spells                   Type           Power        Failure   Level  Hunger
 Inner Flame              Hex/Fire       #.......     34%         3    ####...
 Portal Projectile        Hex/Tloc       #.....       34%         3    ####...
 Cause Fear               Hex            ##........   47%         4    #####..
 Leda's Liquefaction      Hex/Erth       #.........   75%         4    #####..


Dungeon Overview and Level Annotations

Branches:
Dungeon (2/15)

Altars:


Innate Abilities, Weirdness & Mutations

Your experience applies equally to all skills.
You have very sharp teeth.
Your uncanny sense of smell can sniff out nearby items.


Message History

Unknown command.
It was a potion of flight.
You feel very buoyant.
You fly up into the air.
You feel sick. The adder bites you.
You are more poisoned.
The adder poisons you!
Unknown command.
You feel sick. The adder barely misses you.
You feel sick.
A worm comes into view.
The adder bites you.
The worm moves out of view.
* * * LOW HITPOINT WARNING * * *
You feel sick.
* * * LOW HITPOINT WARNING * * *
You feel sick. The adder misses you. The bat misses you.
The adder closely misses you.
* * * LOW HITPOINT WARNING * * *
You feel sick. The bat closely misses you. The adder bites you.
You die...

≈♣≈PP≈≈≈≈♣♣..#.#.#
≈≈P≈≈≈♣≈P♣♣..#.#g###
≈≈≈≈≈≈≈≈P≈♣....#...######
≈≈≈≈≈≈≈≈≈≈≈##.####.......
≈≈≈≈≈≈≈≈wg≈≈#.#..........
≈≈≈≈≈≈≈≈≈♣≈♣#...########.
≈≈≈≈≈≈≈≈≈≈♣♣.............
≈≈≈≈≈≈≈≈SP≈≈..#######..##
≈≈≈≈≈≈≈b@≈♣♣### #
≈≈≈≈≈≈≈≈≈P♣ ∆
≈≈≈≈≈≈≈≈≈≈P≈ ♣
P≈≈≈≈≈≈≈≈≈≈♣# .♣
≈≈≈≈≈≈≈♣≈P≈♣ ∆ ##.
PP≈≈P≈≈P≈≈♣# ##..
♣≈♣≈≈P≈≈P≈≈♣
#..##♣≈≈≈≈≈≈≈≈≈≈P♣
##.....♣♣


You could see a worm, an adder, a hobgoblin and a bat.

Vanquished Creatures
  An ooze (D:1)
  2 leopard geckos (D:1)
  A ball python (D:1)
  A giant cockroach (D:1)
  2 goblins
  2 hobgoblins (D:1)
  4 frilled lizards
  3 rats (D:1)
16 creatures vanquished.

Notes
Turn   | Place    | Note
-------+----------+-------------------------------------------
     0 | D:1      | inmateoo the Gnoll Arcane Marksman began the quest for the
                  | Orb.
     0 | D:1      | Reached XP level 1. HP: 17/17 MP: 4/4
   292 | D:1      | Reached XP level 2. HP: 21/23 MP: 5/5
   651 | D:2      | Learned a level 2 spell: Slow
   690 | D:2      | Slain by an adder

Levels and vault maps discovered:
D:1:      dpeg_arrival_three_smaller_balls, layout_basic
D:2:      layout_rooms, ashenzari_conservatory_becter, serial_bayou_lake_a

Action                   || total
-------------------------++-------
Melee: Unarmed           ||    12
       Hand axe          ||    35
       Bite              ||     6
 Fire: Hand crossbow     ||     3
  Use: Scroll            ||     4
       Potion            ||     1
Armor: Robe              ||     3
       Ring mail         ||     7
Dodge: Dodged            ||    44
